 Dungeon Crawl Stone Soup version 0.29.1-14-g9c671dbff4 (webtiles) character file.

Game seed: 13036027764092210187

1136 SOOBLESSED the Covered (level 8, 0/58 HPs)
             Began as a Formicid Fighter on Feb 14, 2023.
             Was an Initiate of Gozag.
             Engulfed by a cloud of poison gas (8 damage)
             ... on level 5 of the Dungeon.
             The game lasted 00:08:47 (6839 turns).

SOOBLESSED the Covered (Formicid Fighter)           Turns: 6839, Time: 00:08:47

Health: 0/58       AC: 14    Str: 24    XL:     8   Next: 63%
Magic:  8/8        EV:  6    Int:  7    God:    Gozag
Gold:   684        SH:  5    Dex: 13    Spells: 7/7 levels left

rFire   . . .      SeeInvis +   a - +0 flail
rCold   . . .      Faith    .   c - +0 buckler
rNeg    . . .      Spirit   .   n - +0 plate armour
rPois   .          Reflect  .   (helmet unavailable)
rElec   .          Harm     .   (no cloak)
rCorr   +          Rampage  .   (no gloves)
Will    .....                   d - +0 pair of boots
Stlth   ..........              (no amulet)
HPRegen 0.19/turn               f - ring of resist corrosion
MPRegen 0.11/turn               (no ring)

@: lethally poisoned (0 -> -40), gold aura
A: permanent stasis, dig shafts and tunnels, antennae 3, four strong arms
a: Dig, Shaft Self, Renounce Religion, Potion Petition, Call Merchant, Bribe
Branch


You were on level 5 of the Dungeon.
You worshipped Gozag.
Gozag was pleased with you.
You visited 1 branch of the dungeon, and saw 5 of its levels.

You collected 724 gold pieces.
You paid 40 gold pieces to Gozag.

Inventory:

Hand Weapons
 a - a +0 flail (weapon)
Armour
 c - a +0 buckler (worn)
 d - a +0 pair of boots (worn)
 n - a +0 plate armour (worn)
Jewellery
 f - a ring of resist corrosion (left hand)
 u - an amulet of guardian spirit
Wands
 b - a wand of iceblast (6)
Scrolls
 k - 2 scrolls of enchant weapon
 m - 2 scrolls of teleportation
 q - a scroll of poison
 r - 3 scrolls of enchant armour
 s - a scroll of blinking
 t - a scroll of fear
 v - a scroll of identify
Potions
 e - a potion of magic {unknown}
 g - 3 potions of invisibility {unknown}
 h - a potion of degeneration {unknown}
 i - 2 potions of curing
 j - 2 potions of heal wounds {unknown}
 l - 2 potions of mutation {unknown}
 o - a potion of haste {unknown}
 p - 2 potions of attraction {unknown}


   Skills:
 * Level 3.5 Fighting
 * Level 6.8 Maces & Flails
 + Level 7.1 Armour
 - Level 4.0 Shields
 + Level 3.9 Evocations


You had 7 spell levels left.
You didn't know any spells.
Your spell library contained the following spells:

 Spells                   Type           Power      Damage    Failure   Level
 Summon Small Mammal      Summ           0%         N/A       100%        1
 Summon Forest            Summ/Tloc      0%         N/A       100%        5
 Eringya's Noxious Bog    Tmut/Pois      0%         N/A       100%        6
 Summon Hydra             Summ           0%         N/A       100%        7


Dungeon Overview and Level Annotations

Branches:
Dungeon (5/15)             Temple (0/1) D:5

Altars:
Dithmenos
Gozag
Kikubaaqudgha
Makhleb
Ru
Sif Muna
Uskayaw
Vehumet
Yredelemnul

Annotations:
D:5 Duvessa


Innate Abilities, Weirdness & Mutations

You cannot be hasted, slowed, berserked, paralysed or teleported.
You can dig through walls and to a lower floor.
You have a pair of large antennae on your head. (SInv)
Your four strong arms can wield two-handed weapons with a shield.


Message History

There are monsters nearby!
You miss Dowan.
Dowan is heavily wounded.
Duvessa hits you with a +0 rapier. You block Dowan's attack.
Dowan barely misses you.
You sock Dowan!
Dowan is almost dead.
Duvessa hits you with a +0 rapier. Dowan hits you but does no damage.
Duvessa hits you with a +0 rapier.
Dowan hits you with a +1 dagger of speed.
You are too injured to fight recklessly!
You are too injured to fight recklessly!
You are too injured to fight recklessly!
You are too injured to fight recklessly!
You hit Dowan.
You kill Dowan!
Duvessa screams, "No!
How DARE you!"
Duvessa goes berserk!
Duvessa hits you with a +0 rapier.
Okay, then.
Okay, then.
Okay, then.
Really read the scroll of poison?
Okay, then.
Really read the scroll of poison?
The air fills with toxic fumes!
As you read the scroll of poison, it crumbles to dust.
Duvessa hits you but does no damage. Duvessa barely misses you.
Okay, then.
Okay, then.
Okay, then.
Really walk into that cloud of poison gas?
You are engulfed in poison gas.
You are poisoned.
* * * LOW HITPOINT WARNING * * *
x2 You feel very sick.
Items here: ! $ ) [.
You are engulfed in poison gas.
You are more poisoned.
You die...
Your body crumbles into a pile of gold.

## #....# #....## .##
#.....# #..##
####.....#### §§§§#
..##........##### #§§§§.
...............§##§§§§..
......#####....§§§§§§..#
.....## ######§§§§####
.....# #@§§§# .....#
#§§§## .....# ##e§#
.....# #.§# .....# #§§§#
.....# #§§§# ###..#
.§§§§ .....# .§#§§#
.~...# .§###§


You could see Duvessa (berserk).

Vanquished Creatures
  A water moccasin (D:5)
  2 black bears (D:4)
  An ogre (D:5)
  A phantom (D:4)
  A scorpion (D:5)
  Dowan (D:5)
  A gnoll bouda (D:5)
  2 hounds
  An iguana (D:5)
  7 orc wizards (D:3)
  10 gnolls
  6 adders
  A white imp (D:4)
  4 worms
  2 dart slugs
  8 orcs
  12 endoplasms
  5 giant cockroaches
  7 hobgoblins
  8 jackals
  8 kobolds
  6 quokkas
  7 ball pythons
  6 bats
  4 frilled lizards
  8 goblins
  8 rats
128 creatures vanquished.

Notes
Turn   | Place    | Note
-------+----------+-------------------------------------------
     0 | D:1      | SOOBLESSED the Formicid Fighter began the quest for the
                  | Orb.
     0 | D:1      | Reached XP level 1. HP: 18/18 MP: 1/1
   206 | D:1      | Reached XP level 2. HP: 24/24 MP: 2/2
   566 | D:1      | Reached XP level 3. HP: 25/29 MP: 3/3
  1482 | D:2      | Reached XP level 4. HP: 11/35 MP: 4/4
  1939 | D:2      | Found a faded altar of an unknown god.
  2178 | D:3      | Found an opulent altar of Gozag.
  2214 | D:3      | Became a worshipper of Gozag Ym Sagoz the Greedy
  2275 | D:3      | Reached skill level 4 in Armour
  2275 | D:3      | Reached XP level 5. HP: 27/41 MP: 5/5
  2409 | D:3      | Reached skill level 1 in Evocations
  2713 | D:3      | Found a basalt altar of Yredelemnul.
  2775 | D:3      | Found a shimmering blue altar of Sif Muna.
  2783 | D:3      | Reached XP level 6. HP: 46/47 MP: 6/6
  2801 | D:3      | Got Sif Muna's Folio of Assembling
  2807 | D:3      | Found an ancient bone altar of Kikubaaqudgha.
  2817 | D:3      | Reached skill level 5 in Armour
  2924 | D:3      | Found a radiant altar of Vehumet.
  2930 | D:3      | Reached skill level 5 in Maces & Flails
  3369 | D:4      | Found a shadowy altar of Dithmenos.
  3930 | D:4      | Reached XP level 7. HP: 52/52 MP: 7/7
  4040 | D:4      | Found a burning altar of Makhleb.
  4387 | D:4      | Reached skill level 6 in Armour
  4769 | D:4      | Found a hide-covered altar of Uskayaw.
  4828 | D:5      | Entered Level 5 of the Dungeon
  4842 | D:5      | Found a sacrificial altar of Ru.
  4842 | D:5      | Noticed a water moccasin
  4854 | D:5      | Killed a water moccasin
  4855 | D:5      | Reached XP level 8. HP: 8/58 MP: 8/8
  6057 | D:5      | Found a staircase to the Ecumenical Temple.
  6212 | D:5      | Reached skill level 7 in Armour
  6823 | D:5      | Noticed Duvessa
  6823 | D:5      | Noticed Dowan
  6836 | D:5      | Killed Dowan
  6839 | D:5      | Engulfed by a cloud of poison gas

Illustrated notes

Levels and vault maps discovered:
D:1:      matt_arrival_spirals, layout_loops_ring
D:2:      minmay_angry_zag, layout_rooms,
          shapermc_ecumenical_altar_mp_highgroup, minmay_strange_pillars
D:3:      minmay_door_path, layout_rooms, palyth_temple_overflow_mages,
          mainiacjoe_overflow_tiny_flanked, yredelemnul_altar_generic
D:4:      layout_loops_corners, lemuel_round_altar,
          mainiacjoe_overflow_boulevard, nicolae_overflow_crystal_walls
D:5:      layout_layer_cave, nicolae_ru_awakened_eye, minmay_temple_entry_ruins,
          serial_rivers, chequers_serial_rivers_micro_c,
          chequers_serial_rivers_room_b, chequers_serial_rivers_small_3,
          chequers_serial_rivers_large_a, chequers_serial_rivers_small_a,
          chequers_serial_rivers_room_b, uniq_edmund, uniq_duvessa

Skill      XL: |  1  2  3  4  5  6  7  8 |
---------------+-------------------------+-----
Maces & Flails | 3 4 5 6 |  6.8
Armour         | 4 5 6 7 |  7.1
Evocations     | 1 2 3 |  3.9
Fighting       | |  3.5
Shields        | |  4.0

Action                   |  1- 3 |  4- 6 |  7- 9 || total
-------------------------+-------+-------+-------++-------
Melee: Flail             |   119 |   190 |   175 ||   484
 Abil: Dig               |       |       |     1 ||     1
  Use: Potion            |     1 |     1 |     2 ||     4
       Scroll            |       |       |     7 ||     7
Armor: Scale mail        |    24 |       |       ||    24
       Plate armour      |    40 |   100 |   113 ||   253
Dodge: Dodged            |    51 |    52 |    47 ||   150
Block: Buckler           |    35 |    45 |    40 ||   120
